 Dungeon Crawl Stone Soup version 0.18.1-48-g4cf74bf (webtiles) character file.

967 Heedrag the Destroyer (level 7, -2/36 HPs)
             Began as a Deep Elf Conjurer on Aug 26, 2016.
             Slain by Pikel
             ... wielding a +2 whip of freezing
              (4 damage)
             ... on level 5 of the Dungeon.
             The game lasted 00:13:08 (4634 turns).

Heedrag the Destroyer (Deep Elf Conjurer)           Turns: 4634, Time: 00:13:09

Health: -2/36      AC:  2    Str:  7    XL:     7   Next: 93%
Magic:  2/19       EV: 13    Int: 20    God:
Gold:   216        SH:  0    Dex: 15    Spells: 3 memorised, 10 levels left

rFire  . . .     SeeInvis .     d - +2 short sword (flame)
rCold  . . .     Gourm    .     a - +0 robe
rNeg   . . .     Faith    .     (no shield)
rPois  .         Spirit   .     (no helmet)
rElec  .         Dismiss  .     (no cloak)
rCorr  .         Reflect  .     (no gloves)
SustAt .         Harm     .     (no boots)
MR     .....                    (no amulet)
Stlth  ++........               (no ring)
                                (no ring)

@: not resistant to hostile enchantments, unstealthy
A: no striking features
a: no special abilities


You were on level 5 of the Dungeon.
You were hungry.

You visited 1 branch of the dungeon, and saw 5 of its levels.

You collected 216 gold pieces.

Inventory:

Hand Weapons
 d - a +2 short sword of flaming (weapon)
Armour
 a - a +0 robe (worn)
 k - a +2 shield
Jewellery
 m - the ring of the Lion {rF+ rN++ MR+++ Str-5}
   (You found it on level 5 of the Dungeon)

   [ring of protection from fire]

   It affects your strength (-5).
   It protects you from fire.
   It greatly protects you from negative energy.
   It affects your resistance to hostile enchantments.
Wands
 q - a wand of random effects (40/48)
Scrolls
 f - 2 scrolls of teleportation {unknown}
 j - a scroll of remove curse {unknown}
 l - 4 scrolls of identify {unknown}
 s - a scroll of magic mapping {unknown}
 u - a scroll of fear {unknown}
Potions
 e - 3 potions of degeneration {unknown}
 g - 4 potions of curing
 h - 2 potions of invisibility {unknown}
 n - 2 potions of mutation {unknown}
 r - a potion of beneficial mutation {unknown}
Books
 b - a book of Conjurations

   Spells                             Type                      Level
   a - Magic Dart                     Conjuration                  1
   b - Searing Ray                    Conjuration                  2
   c - Dazzling Spray                 Conjuration/Hexes            3
   d - Fulminant Prism                Conjuration/Hexes            4
   e - Iskenderun's Mystic Blast      Conjuration                  4
   f - Iskenderun's Battlesphere      Conjuration/Charms           5
 i - a book of Flames

   Spells                             Type                      Level
   a - Flame Tongue                   Conjuration/Fire             1
   b - Throw Flame                    Conjuration/Fire             2
   c - Conjure Flame                  Conjuration/Fire             3
   d - Inner Flame                    Hexes/Fire                   3
   e - Sticky Flame                   Conjuration/Fire             4
   f - Fireball                       Conjuration/Fire             5
 p - a book of Spatial Translocations

   Spells                             Type                      Level
   a - Apportation                    Translocation                1
   b - Blink                          Translocation                2
   c - Shroud of Golubria             Charms/Translocation         2
   d - Portal Projectile              Translocation                3
   e - Teleport Other                 Translocation                3
   f - Passage of Golubria            Translocation                4
Comestibles
 c - 4 bread rations
 o - a royal jelly


   Skills:
 - Level 2.4 Dodging
 - Level 2.4 Stealth
 + Level 7.4 Spellcasting
 * Level 8.4 Conjurations
 + Level 5.0 Charms


You had 10 spell levels left.
You knew the following spells:

 Your Spells              Type           Power        Failure   Level  Hunger
a - Magic Dart            Conj           ####         1%          1    None
b - Iskenderun's Mystic   Conj           #####...     3%          4    ###....
c - Iskenderun's Battles  Conj/Chrm      ####....     17%         5    #####..


Dungeon Overview and Level Annotations

Branches:
Dungeon (5/15)
 Temple: D:4-7

Altars:
Ashenzari
Cheibriados
Kikubaaqudgha
Pakellas
Trog
Xom
The Shining One

Shops:
D:5 **

Annotations:
D:5 Pikel


Message History

Pikel says, "Who am I kiddin'?
Thay'll work ye ta death!"
Pikel hits ye wit' a whip o' freezin'.
Pikel freezes ye.
* * * LOW HITPOINT WARNIN'
* * * Castin': Magic Dart Confirm wit' . or Enter, or press ? or * ta list all spells.
Aimin': Iskenderun's Mestic Blast
Press: ? - help, Shift-Dir - straight line, f/p - Pikel
Aim: Pikel, wieldin' a whip o' freezin' an' wearin' a robe (heavily wounded) Tha orb o' energy hits Pikel.
Pikel be heavily wounded.
Tha orb o' energy 'splodes!
Yer battlesphere fires!
Tha barrage o' energy hits Pikel.
Pikel be almost dead.
Tha slave hits yer battlesphere!
Yer battlesphere be destroyed!
Pikel hits ye wit' a whip o' freezin'!
* * * LOW HITPOINT WARNIN'
* * * Pikel freezes ye.
Ye die...

###################
..........gp....g.#
################p##
#.# #ยง# #.# #.#
#.# #K# #'######
#@# .......# #.#
.......# #.#
.p.....#########.#
...#.............#
#.>#.#############
...#.#.#
...<.#.####
.#........#


You could see Pikel, a slave and a gnoll.

Vanquished Creatures
  Grinder (D:5)
  Eustachio (D:5)
  A phantom (D:5)
  3 slaves
  An ogre (D:5)
  A centaur (D:5)
  A giant frog (D:2)
  A giant frog zombie (D:5)
  An orc priest (D:4)
  A worker ant (D:5)
  3 gnolls (D:3)
  11 adders
  An adder zombie (D:5)
  An adder skeleton (D:5)
  3 worms
  5 dart slugs
  A giant gecko (D:2)
  9 orcs
  7 giant cockroaches
  7 goblins
  3 hobgoblins
  5 jackals
  2 quokkas (D:2)
  2 ball pythons (D:5)
  6 bats
  3 giant newts
  7 kobolds
  A quokka zombie (D:5)
  4 rats
93 creatures vanquished.

Notes
Turn   | Place    | Note
--------------------------------------------------------------
     0 | D:1      | Heedrag the Deep Elf Conjurer began the quest for the Orb.
     0 | D:1      | Reached XP level 1. HP: 10/10 MP: 6/6
    89 | D:1      | Reached XP level 2. HP: 15/15 MP: 4/8
   432 | D:2      | Reached skill level 5 in Conjurations
   432 | D:2      | Reached XP level 3. HP: 19/19 MP: 4/10
   888 | D:2      | Found a shimmering altar of Xom.
   912 | D:2      | Reached XP level 4. HP: 18/24 MP: 3/12
  1196 | D:2      | Reached skill level 5 in Spellcasting
  1251 | D:2      | Learned a level 4 spell: Iskenderun's Mystic Blast
  1778 | D:3      | Reached XP level 5. HP: 15/28 MP: 2/14
  1813 | D:2      | Reached skill level 6 in Conjurations
  1822 | D:2      | Learned a level 5 spell: Iskenderun's Battlesphere
  2148 | D:3      | Reached skill level 1 in Charms
  2162 | D:3      | Found a glowing golden altar of the Shining One.
  2492 | D:3      | Found a bloodstained altar of Trog.
  2796 | D:4      | Reached XP level 6. HP: 20/32 MP: 10/16
  3351 | D:5      | Entered Level 5 of the Dungeon
  3359 | D:5      | Got a clouded lapis lazuli ring
  3360 | D:5      | Identified the ring of the Lion {rF+ rN++ MR+++ Str-5} (You found it on level 5 of the Dungeon)
  3365 | D:5      | Found an ancient bone altar of Kikubaaqudgha.
  3366 | D:5      | Found a snail-covered altar of Cheibriados.
  3530 | D:5      | Found an oddly glowing altar of Pakellas.
  3567 | D:5      | Noticed a slave
  3575 | D:5      | Found a shattered altar of Ashenzari.
  3582 | D:5      | Noticed a slave
  3608 | D:5      | Noticed Grinder
  3629 | D:5      | Noticed a slave
  3630 | D:5      | Noticed Eustachio
  3630 | D:5      | Noticed Pikel
  3630 | D:5      | Noticed a slave
  3670 | D:4      | Killed a slave
  3890 | D:5      | Found Joxky's General Store.
  3896 | D:5      | Reached skill level 7 in Conjurations
  3979 | D:5      | Reached XP level 7. HP: 36/36 MP: 13/18
  4102 | D:5      | Killed Eustachio
  4212 | D:5      | Found Moqabbo Ujor's Serpentskin Sales.
  4311 | D:5      | Killed Grinder
  4311 | D:5      | Reached skill level 8 in Conjurations
  4550 | D:5      | Reached skill level 5 in Charms
  4634 | D:5      | Slain by Pikel

Skill      XL: |  1  2  3  4  5  6  7 |
---------------+----------------------+-----
Spellcasting   | 4 5 6 7 |  7.4
Conjurations   | 5 6 7 8 |  8.4
Charms         | 2 3 5 |  5.0
Dodging        | |  2.4
Stealth        | |  2.4

Action                   |  1- 3 |  4- 6 |  7- 9 || total
-------------------------+-------+-------+-------++-------
Melee: Short sword       |     7 |     4 |       ||    11
 Cast: Magic Dart        |    62 |   151 |    35 ||   248
       Iskenderun's Myst |       |     3 |     1 ||     4
       Iskenderun's Batt |       |     3 |     7 ||    10
  Eat: Chunk             |       |    10 |     4 ||    14
Armor: Robe              |     1 |       |     1 ||     2
Dodge: Dodged            |     6 |    26 |     4 ||    36
